 Dungeon Crawl Stone Soup version 0.18-a0-1211-g828307d (webtiles) character file.

30 ololoev the Magician (level 3, -4/19 HPs)
             Began as a Deep Elf Fire Elementalist on Feb 2, 2016.
             Killed from afar by an orc wizard (8 damage)
             ... with a magic dart
             ... on level 4 of the Dungeon.
             The game lasted 00:03:14 (360 turns).

ololoev the Magician (Deep Elf Fire Elementalist)    Turns: 360, Time: 00:03:14

Health: -4/19      AC:  2    Str:  8    XL:     3   Next: 5%
Magic:  8/10       EV: 13    Int: 20    God:
Gold:   81         SH:  0    Dex: 15    Spells: 2 memorised, 5 levels left

rFire  . . .     SeeInvis .     (no weapon)
rCold  . . .     Gourm    .     a - +0 robe
rNeg   . . .     Faith    .     (no shield)
rPois  .         Spirit   .     (no helmet)
rElec  .         Dismiss  .     (no cloak)
rCorr  .         Reflect  .     (no gloves)
SustAt .         Harm     .     (no boots)
MR     .....                    (no amulet)
Stlth  ++........               (no ring)
                                d - +3 ring of strength

@: not resistant to hostile enchantments, unstealthy
A: no striking features
a: no special abilities

Inventory:

Armour
 a - a +0 robe (worn)
Jewellery
 d - a +3 ring of strength (left hand)
Scrolls
 f - 2 scrolls of identify {unknown}
 g - 3 scrolls of amnesia {unknown}
Potions
 e - a potion of resistance {unknown}
 k - a potion of invisibility {unknown}
Books
 b - a book of Flames

   Spells                             Type                      Level
   a - Flame Tongue                   Conjuration/Fire             1
   b - Throw Flame                    Conjuration/Fire             2
   c - Conjure Flame                  Conjuration/Fire             3
   d - Inner Flame                    Hexes/Fire                   3
   e - Sticky Flame                   Conjuration/Fire             4
   f - Fireball                       Conjuration/Fire             5
Comestibles
 c - a bread ration
 h - 6 chunks of flesh
 i - a beef jerky
 j - a meat ration


   Skills:
 - Level 2.4 Dodging
 - Level 2.4 Stealth
 + Level 3.7 Spellcasting
 * Level 2.2 Conjurations
 + Level 3.6 Fire Magic


You had 5 spell levels left.
You knew the following spells:

 Your Spells              Type           Power        Failure   Level  Hunger
a - Flame Tongue          Conj/Fire      ###..        4%          1    None
b - Conjure Flame         Conj/Fire      ###.....     14%         3    ###....


You were on level 4 of the Dungeon.
You were not hungry.

You visited 1 branch of the dungeon, and saw 4 of its levels.

You collected 81 gold pieces.

#.......####.#.###
######'## #.#.#
######## #.# #.#.#
#......# #(# #.#.#
#..?...# #.# #...#
#......# ####.# #####
#..o...# #....#
.#......###....###..
....o.o..@...........
#...o...##.....###.##
#.####+###.....#
#.....# #.##### #+#

Notes
Turn   | Place    | Note
--------------------------------------------------------------
     0 | D:1      | ololoev the Deep Elf Fire Elementalist began the quest for the Orb.
     0 | D:1      | Reached XP level 1. HP: 10/10 MP: 6/6
   104 | D:2      | Reached XP level 2. HP: 3/15 MP: 0/8
   175 | D:4      | Noticed Dowan
   177 | D:4      | Noticed Duvessa
   320 | D:4      | Reached XP level 3. HP: 10/19 MP: 7/10
   331 | D:4      | Learned a level 3 spell: Conjure Flame
   360 | D:4      | Killed from afar by an orc wizard

Dungeon Overview and Level Annotations

Branches:
Dungeon (4/15)
 Temple: D:4-7

Altars:

Annotations:
D:4 Dowan, Duvessa


Message History

You see here 23 bolts.
The giant newt misses you.
Casting: Flame Tongue
Confirm with . or Enter, or press ? or * to list all spells.
Aiming: Flame Tongue
Press: ? - help, Shift-Dir - straight line, f - giant newt
Aim: a giant newt The flame tongue hits the giant newt.
You kill the giant newt!
Found a scroll labeled YWYUFI DOUVU.
An orc wizard comes into view. It is wielding a dagger.
An orc wizard comes into view. It is wielding a dagger.
Found a scroll labeled ENASHR NIGUIGY.
An orc wizard comes into view. It is wielding a dagger.
The orc wizard shouts!
Casting: Flame Tongue
Confirm with . or Enter, or press ? or * to list all spells.
Aiming: Flame Tongue
Press: ? - help, Shift-Dir - straight line, f - orc wizard
Aim: an orc wizard, wielding a dagger and wearing a robe The flame tongue misses the orc wizard.
The orc wizard shouts! x2
An orc priest comes into view. It is wielding a dagger.
Casting: Flame Tongue
Confirm with . or Enter, or press ? or * to list all spells.
Aiming: Flame Tongue
Press: ? - help, Shift-Dir - straight line, f/p - orc wizard
Aim: an orc wizard, wielding a dagger and wearing a robe The flame tongue hits the orc wizard.
The orc wizard is lightly wounded.
The orc priest shouts!
The orc wizard casts a spell.
The orc wizard blinks!
The orc wizard casts a spell at you. The magic dart hits you!
The orc wizard casts a spell at you. The magic dart hits you!
The orc wizard casts a spell at you. The magic dart hits you!
You die...

You could see an orc priest and 3 orc wizards.

Vanquished Creatures
  An adder (D:3)
  3 bats
  A hobgoblin (D:1)
  4 jackals (D:4)
  2 kobolds
  2 quokkas
  4 giant newts
  A goblin (D:2)
  3 rats
21 creatures vanquished.

Action                   || total
-------------------------++-------
Melee: Unarmed           ||     1
 Cast: Flame Tongue      ||    28
Evoke: Wand              ||     7
 Stab: Sleeping          ||     1

Vault maps used:
D:1:      minmay_arrival_cross
D:2:      first_bread
D:4:      uniq_duvessa, uniq_robin, uniq_menkaure
